% Time on Ice - KANSAS CITY KILLERBEES
Lines # - Real PCT - Wanted PCT - Time Play
Normal Forward
1 - 33% - 33% - 16:22
2 - 30% - 32% - 15:02
3 - 25% - 27% - 12:44
4 - 12% - 8% - 6:12
Normal Defense
1 - 32% - 33% - 16:11
2 - 33% - 33% - 16:27
3 - 34% - 33% - 17:06
4 - 1% - 1% - 0:36
PP Forward
1 - 46% - 55% - 3:33
2 - 54% - 45% - 4:08
PP Defense
1 - 54% - 50% - 4:08
2 - 46% - 50% - 3:33
PK Forward
1 - 61% - 55% - 1:12
2 - 39% - 45% - 0:47
PK Defense
1 - 57% - 50% - 1:08
2 - 43% - 50% - 0:51
PK3 Forward
1 - 0% - 55%
2 - 0% - 45%
PK3 Defense
1 - 0% - 50%
2 - 0% - 50%
44 Forward
1 - 0% - 55%
2 - 0% - 45%
44 Defense
1 - 0% - 50%
2 - 0% - 50%
Last Minute Offensive  - 0:00
Last Minute Defensive  - 0:00
Total
Forward - 60:00
Defense - 60:00
% Time on Ice - EDMONTON ICE
Lines # - Real PCT - Wanted PCT - Time Play
Normal Forward
1 - 32% - 35% - 15:59
2 - 34% - 34% - 17:02
3 - 20% - 25% - 9:58
4 - 15% - 6% - 7:21
Normal Defense
1 - 36% - 36% - 18:19
2 - 37% - 34% - 18:25
3 - 23% - 23% - 11:37
4 - 4% - 7% - 1:59
PP Forward
1 - 49% - 60% - 0:58
2 - 51% - 40% - 1:01
PP Defense
1 - 49% - 55% - 0:58
2 - 51% - 45% - 1:01
PK Forward
1 - 62% - 55% - 4:48
2 - 38% - 45% - 2:53
PK Defense
1 - 43% - 55% - 3:16
2 - 57% - 45% - 4:25
PK3 Forward
1 - 0% - 55%
2 - 0% - 45%
PK3 Defense
1 - 0% - 55%
2 - 0% - 45%
44 Forward
1 - 0% - 55%
2 - 0% - 45%
44 Defense
1 - 0% - 55%
2 - 0% - 45%
Last Minute Offensive  - 0:00
Last Minute Defensive  - 0:00
Total
Forward - 60:00
Defense - 60:00
Play-by-Play 1st period 0:01 of 1st period - Mattias Janmark wins face-off versus Ryan O'Reilly in neutral zone. 0:06 of 1st period - Shot by Mark Stone. 0:06 of 1st period - Shot Blocked by Colton Parayko. 0:13 of 1st period - Alexander DeBrincat is hit by Colton Parayko and loses puck. 0:59 of 1st period - Minor Penalty to Jeff Petry for Boarding. 1:00 of 1st period - Eric Fehr wins face-off versus Kyle Brodziak in EDMONTON ICE zone. 1:13 of 1st period - Shot by Cam Fowler. 1:13 of 1st period - Stopped by Jake Allen without a rebound. 1:14 of 1st period - Oscar Lindberg wins face-off versus Alexander DeBrincat in EDMONTON ICE zone. 4:42 of 1st period - Shot by Conor Sheary. 4:42 of 1st period - Shot Misses the Net. 4:44 of 1st period - Shot by Eric Fehr. 4:44 of 1st period - Deflect By Loui Eriksson. 4:44 of 1st period - Stopped by John Gibson without a rebound. 4:45 of 1st period - Valtteri Filppula wins face-off versus William Nylander in KANSAS CITY KILLERBEES zone. 4:46 of 1st period - Shot by Oscar Klefbom. 4:46 of 1st period - Stopped by John Gibson without a rebound. 4:47 of 1st period - Denis Malgin wins face-off versus Valtteri Filppula in KANSAS CITY KILLERBEES zone. 4:47 of 1st period - Denis Malgin is hit by Jaden Schwartz. 4:53 of 1st period - Colton Parayko is hit by Artturi Lehkonen and loses puck. 4:57 of 1st period - Icing by Oscar Klefbom. 4:58 of 1st period - Valtteri Filppula wins face-off versus Ryan Kesler in EDMONTON ICE zone. 4:58 of 1st period - Valtteri Filppula is hit by Ryan Kesler. 5:21 of 1st period - Off-side. 5:22 of 1st period - Ryan O'Reilly wins face-off versus Denis Malgin in neutral zone. 5:55 of 1st period - Shot by Ryan O'Reilly. 5:55 of 1st period - Stopped by John Gibson without a rebound. 5:56 of 1st period - Eric Fehr wins face-off versus Austin Czarnik in KANSAS CITY KILLERBEES zone. 5:58 of 1st period - Conor Sheary is hit by Colin Miller and loses puck. 6:02 of 1st period - Icing by Colin Miller. 6:03 of 1st period - Ryan Kesler wins face-off versus Valtteri Filppula in KANSAS CITY KILLERBEES zone. 6:16 of 1st period - Shot by Jaden Schwartz. 6:16 of 1st period - Stopped by John Gibson with a rebound. 6:18 of 1st period - Shot by Oscar Klefbom. 6:18 of 1st period - Stopped by John Gibson without a rebound. 6:19 of 1st period - Eric Fehr wins face-off versus Mattias Janmark in KANSAS CITY KILLERBEES zone. 6:28 of 1st period - Shot by Conor Sheary. 6:28 of 1st period - Stopped by John Gibson without a rebound. 6:29 of 1st period - Valtteri Filppula wins face-off versus Artturi Lehkonen in KANSAS CITY KILLERBEES zone. 6:36 of 1st period - Icing by Artturi Lehkonen. 6:37 of 1st period - Eric Fehr wins face-off versus Denis Malgin in KANSAS CITY KILLERBEES zone. 7:19 of 1st period - Icing by William Nylander. 7:20 of 1st period - Ryan O'Reilly wins face-off versus Denis Malgin in KANSAS CITY KILLERBEES zone. 7:40 of 1st period - Shot by Ryan O'Reilly. 7:40 of 1st period - Shot Misses the Net. 8:04 of 1st period - Icing by Ondrej Kase. 8:05 of 1st period - Ryan O'Reilly wins face-off versus Mark Stone in EDMONTON ICE zone. 8:40 of 1st period - Shot by Alexander DeBrincat. 8:40 of 1st period - Shot Misses the Net. 9:15 of 1st period - Icing by Oscar Klefbom. 9:16 of 1st period - Valtteri Filppula wins face-off versus Ryan Kesler in EDMONTON ICE zone. 9:35 of 1st period - Loui Eriksson is hit by Ryan Kesler and loses puck. 9:42 of 1st period - Shot by Ryan Kesler. 9:42 of 1st period - Stopped by Jake Allen without a rebound. 9:43 of 1st period - Kyle Brodziak wins face-off versus Ryan O'Reilly in EDMONTON ICE zone. 10:02 of 1st period - Shot by Ryan O'Reilly. 10:02 of 1st period - Stopped by John Gibson without a rebound. 10:03 of 1st period - Denis Malgin wins face-off versus Eric Fehr in KANSAS CITY KILLERBEES zone. 10:03 of 1st period - Artturi Lehkonen is hit by Eric Fehr and loses puck. 10:09 of 1st period - Off-side. 10:10 of 1st period - Ryan O'Reilly wins face-off versus Ryan Kesler in neutral zone. 10:20 of 1st period - Ondrej Kase is hit by Calvin De Haan and loses puck. 10:27 of 1st period - Shot by Ondrej Kase. 10:27 of 1st period - Stopped by John Gibson without a rebound. 10:28 of 1st period - Valtteri Filppula wins face-off versus Mattias Janmark in KANSAS CITY KILLERBEES zone. 10:36 of 1st period - Alexander DeBrincat is hit by Patric Hornqvist and loses puck. 10:54 of 1st period - Shot by Mark Stone. 10:54 of 1st period - Stopped by Jake Allen without a rebound. 10:55 of 1st period - Ryan Kesler wins face-off versus Conor Sheary in EDMONTON ICE zone. 10:59 of 1st period - Icing by Jeff Petry. 11:00 of 1st period - Ryan Kesler wins face-off versus Conor Sheary in EDMONTON ICE zone. 11:03 of 1st period - Shot by Peter Cehlarik. 11:03 of 1st period - Stopped by Jake Allen with a rebound. 12:10 of 1st period - Shot by Artturi Lehkonen. 12:10 of 1st period - Deflect By William Nylander. 12:10 of 1st period - Shot Misses the Net. 12:36 of 1st period - Shot by Valtteri Filppula. 12:36 of 1st period - Shot Blocked by William Nylander. 12:38 of 1st period - Shot by Jaden Schwartz. 12:38 of 1st period - Stopped by John Gibson without a rebound. 12:39 of 1st period - Kasperi Kapanen wins face-off versus Mattias Janmark in KANSAS CITY KILLERBEES zone. 12:42 of 1st period - Shot by Ryan O'Reilly. 12:42 of 1st period - Stopped by John Gibson with a rebound. 12:44 of 1st period - Shot by Ondrej Kase. 12:44 of 1st period - Stopped by John Gibson without a rebound. 12:45 of 1st period - Ryan O'Reilly wins face-off versus Mattias Janmark in KANSAS CITY KILLERBEES zone. 13:00 of 1st period - Shot by Ryan O'Reilly. 13:00 of 1st period - Stopped by John Gibson without a rebound. 13:01 of 1st period - Ryan Kesler wins face-off versus Valtteri Filppula in KANSAS CITY KILLERBEES zone. 13:08 of 1st period - Shot by Austin Czarnik. 13:08 of 1st period - Shot Misses the Net. 13:10 of 1st period - Shot by Dylan DeMelo. 13:10 of 1st period - Shot Blocked by Oscar Klefbom. 14:09 of 1st period - Off-side. 14:10 of 1st period - Ryan O'Reilly wins face-off versus William Nylander in neutral zone. 14:41 of 1st period - Icing by Artturi Lehkonen. 14:42 of 1st period - Eric Fehr wins face-off versus Denis Malgin in KANSAS CITY KILLERBEES zone. 15:30 of 1st period - Mattias Janmark is hit by Eric Fehr and loses puck. 15:43 of 1st period - Shot by Mark Stone. 15:43 of 1st period - Shot Blocked by Jeff Petry. 15:45 of 1st period - Shot by Cam Fowler. 15:45 of 1st period - Goal by Cam Fowler - KANSAS CITY KILLERBEES : 1 - EDMONTON ICE : 0. 15:46 of 1st period - Ryan Kesler wins face-off versus Valtteri Filppula in neutral zone. 15:48 of 1st period - Austin Czarnik is hit by Oscar Klefbom and loses puck. 17:00 of 1st period - Shot by Mark Stone. 17:00 of 1st period - Shot Misses the Net. 17:02 of 1st period - Shot by Jacob Muzzin. 17:02 of 1st period - Shot Misses the Net. 17:04 of 1st period - Shot by Mark Stone. 17:04 of 1st period - Stopped by Jake Allen with a rebound. 18:07 of 1st period - Shot by Kasperi Kapanen. 18:07 of 1st period - Stopped by John Gibson with a rebound. 18:09 of 1st period - Shot by Colton Parayko. 18:09 of 1st period - Shot Misses the Net. 18:11 of 1st period - Shot by Kasperi Kapanen. 18:11 of 1st period - Shot Misses the Net. 18:24 of 1st period - Tanner Pearson is hit by Colin Miller and loses puck. 18:56 of 1st period - Oscar Lindberg is hit by Jan Rutta and loses puck. 19:43 of 1st period - Shot by Ryan Kesler. 19:43 of 1st period - Stopped by Jake Allen without a rebound. 19:44 of 1st period - Ryan O'Reilly wins face-off versus Mattias Janmark in EDMONTON ICE zone. Goals for this period are 1 for KANSAS CITY KILLERBEES vs 0 for EDMONTON ICE. Shots for this period are 7 for KANSAS CITY KILLERBEES vs 13 for EDMONTON ICE. 2nd period 0:01 of 2nd period - Ryan O'Reilly wins face-off versus Mark Stone in neutral zone. 0:21 of 2nd period - Icing by Mattias Janmark. 0:22 of 2nd period - Valtteri Filppula wins face-off versus Mattias Janmark in KANSAS CITY KILLERBEES zone. 0:32 of 2nd period - Jaden Schwartz is hit by Jacob Muzzin and loses puck. 0:42 of 2nd period - Patric Hornqvist is hit by Jacob Muzzin and loses puck. 0:45 of 2nd period - Shot by Jaden Schwartz. 0:45 of 2nd period - Shot Misses the Net. 0:57 of 2nd period - Shot by Mark Stone. 0:57 of 2nd period - Shot Blocked by Casey Nelson. 1:21 of 2nd period - Shot by Ryan O'Reilly. 1:21 of 2nd period - Shot Misses the Net. 1:25 of 2nd period - Shot by Kasperi Kapanen. 1:25 of 2nd period - Stopped by John Gibson without a rebound. 1:26 of 2nd period - Ryan Kesler wins face-off versus Eric Fehr in KANSAS CITY KILLERBEES zone. 1:26 of 2nd period - Ryan Kesler is hit by Conor Sheary. 1:34 of 2nd period - Shot by Peter Cehlarik. 1:34 of 2nd perio